AoeStats
← [RZ] HardZeeiRa-BR

Hideout

509339227Analyzed
1v1 RM · 5d ago on Sep 26, 2026· 31m 11s· 2 players
Game mode
Random Map
Map size
Tiny (2 player)
Population
200
Speed
Normal
Resources
Standard
Victory
Conquest
Starting age
Dark Age
Ending age
Imperial Age
RankedLock teamsTeams togetherTeam positionsShared explorationLock speedFull tech treeHidden civsTurbo modeCheats
Victory
Defeat
🇧🇷 Varangians · Brazil
1173
+17
🇩🇪 Teutons · Germany
1188
-17
[RZ] HardZeeiRa-BR
6:53 Loom
9:39 Feudal Age
10:55 Double-Bit Axe
14:56 Fletching
23:17 Castle Age
22:24 Forging
22:53 Gold Mining
24:01 Scale Barding Armor
23:38 Crossbowman
26:01 Iron Casting
26:36 Chain Barding Armor
26:58 Bloodlines
28:39 Wheelbarrow
29:05 Horse Collar
meaureau
10:56 Feudal Age
14:40 Castle Age
14:10 Fletching
14:23 Double-Bit Axe
18:25 Loom
21:56 Wheelbarrow
21:18 Town Watch
22:05 Horse Collar
23:30 Gold Mining
23:34 Stone Mining
24:38 Guard Tower
25:09 Ballistics
27:03 Fortified Wall
27:33 Bow Saw
28:46 Heavy Plow
30:18 Hand Cart
Connection lost

Rejoining the realm…

Still unreachable

The connection could not be restored.

Session expired

The server has moved on; the page needs a fresh start.